 Dungeon Crawl Stone Soup version 0.28-a0-2-g643f2454ad (webtiles) character file.

Game seed: 815381442136104760

64 Zonian the Conjurer (level 4, -1/31 HPs)
             Began as a Vine Stalker Conjurer on July 23, 2021.
             Slain by a scorpion (4 damage)
             ... on level 3 of the Dungeon.
             The game lasted 00:04:16 (3531 turns).

Zonian the Conjurer (Vine Stalker Conjurer)         Turns: 3531, Time: 00:04:19

Health: -1/31      AC: 10    Str:  9    XL:     4   Next: 12%
Magic:  0/8        EV: 12    Int: 18    God:
Gold:   72         SH:  5    Dex: 14    Spells: 5/8 levels left

rFire   . . .      SeeInvis .   i - +0 dagger (protect)
rCold   . . .      Faith    .   (no shield)
rNeg    . . .      Spirit   +   a - +1 robe
rPois   .          Reflect  +   (no helmet)
rElec   .          Harm     .   (no cloak)
rCorr   .          Rampage  .   (no gloves)
Will    .....                   (no boots)
Stlth   ..........              c - amulet of reflection
HPRegen 1.10/turn               (no ring)
MPRegen 0.11/turn               (no ring)

@: berserking, lethally poisoned (-1 -> -6), under a protective aura, very quick
A: fangs 2, regeneration 1, magic shield, antimagic bite, no potion heal 2
a: no special abilities


You were on level 3 of the Dungeon.
You visited 1 branch of the dungeon, and saw 3 of its levels.

You collected 72 gold pieces.

Inventory:

Hand Weapons
 b - a +0 short sword
 g - a +2 hunting sling of flaming
 i - a +0 dagger of protection (weapon)
Missiles
 h - 24 stones
 j - a throwing net
Armour
 a - a +1 robe (worn)
Jewellery
 c - an amulet of reflection (around neck)
Potions
 e - a potion of lignification {unknown}
 f - a potion of mutation {unknown}
 k - a potion of attraction {unknown}


   Skills:
 + Level 0.0 Fighting
 + Level 0.7 Short Blades
 - Level 1.9 Dodging
 + Level 2.6 Stealth
 - Level 0.5 Shields
 + Level 2.6 Spellcasting
 + Level 4.8 Conjurations


You had 5 spell levels left.
You knew the following spells:

 Your Spells              Type           Power      Damage    Failure   Level
a - Magic Dart            Conj           76%        1d6       2%          1
b - Searing Ray           Conj           38%        3d4       3%          2

Your spell library contained the following spells:

 Spells                   Type           Power      Damage    Failure   Level
 Dazzling Flash           Conj/Hex       22%        N/A       19%         3
 Fulminant Prism          Conj/Hex       5%         3d7       52%         4
 Iskenderun's Mystic Bla  Conj/Tloc      11%        2d4       52%         4


Dungeon Overview and Level Annotations

Branches:
Dungeon (3/15)

Altars:

Shops:
D:3 :

Annotations:
D:3 Jessica


Innate Abilities, Weirdness & Mutations

You have extremely sharp teeth.
Your natural rate of healing is unusually fast.
When hurt, damage is shared between your health and your magic reserves.
Your bite disrupts and absorbs the magic of your enemies.
Potions cannot restore your health.


Message History

The scorpion is severely wounded.
You block the scorpion's attack.
Casting: Searing Ray (safe; 3% risk of failure)
Confirm with . or Enter, or press ? or * to list all spells.
Aiming: Magic Dart (safe; 2% risk of failure)
Press: ? - help, Shift-Dir - straight line, f/p - scorpion
Aim: a scorpion (severely wounded, 100% to hit)
The magic dart hits the scorpion.
The scorpion is almost dead.
The scorpion stings you but does no damage.
Unknown command.
You barely miss the scorpion.
The scorpion is almost dead.
The scorpion stings you.
You are poisoned.
The scorpion poisons you!
You hit the scorpion but do no damage.
The scorpion is severely wounded.
You feel very sick. You block the scorpion's attack.
The scorpion closely misses you.
You hit the scorpion.
The scorpion is almost dead.
You feel very sick. The scorpion barely misses you.
You hit the scorpion.
The scorpion is almost dead.
You feel sick. The scorpion barely misses you.
You hit the scorpion but do no damage. Your bite misses the scorpion.
The scorpion is almost dead.
You feel sick. The scorpion stings you.
* * * LOW HITPOINT WARNING * * *
You are lethally poisoned!
The scorpion poisons you!
It was a potion of berserk rage.
A red film seems to cover your vision as you go berserk!
You feel yourself moving faster!
You feel mighty!
* * * LOW HITPOINT WARNING * * *
You feel very sick. The scorpion stings you.
You die...

##.......
#.......(
#.####### #.# #.#
. #.# ... #####
#.#
.....####>..####.#
......s@'...'....#
....!.###...######
##### #####


You could see a scorpion.

Vanquished Creatures
  An adder (D:2)
  4 orcs (D:3)
  5 endoplasms
  2 giant cockroaches (D:2)
  2 goblins
  A hobgoblin (D:2)
  4 jackals (D:3)
  9 kobolds
  3 quokkas
  10 ball pythons
  4 bats
  4 frilled lizards
  3 rats
52 creatures vanquished.

Notes
Turn   | Place    | Note
-------+----------+-------------------------------------------
     0 | D:1      | Zonian the Vine Stalker Conjurer began the quest for the
                  | Orb.
     0 | D:1      | Reached XP level 1. HP: 9/9 MP: 4/4
   373 | D:1      | Reached XP level 2. HP: 13/13 MP: 3/6
   774 | D:1      | Learned a level 2 spell: Searing Ray
  1110 | D:1      | Found a faded altar of an unknown god.
  1779 | D:2      | Reached XP level 3. HP: 16/16 MP: 5/7
  2643 | D:3      | Found Muoky's Book Shoppe.
  3286 | D:3      | Noticed Jessica
  3312 | D:3      | Gained mutation: Your natural rate of healing is unusually
                  | fast. [Vine Stalker growth]
  3312 | D:3      | Reached XP level 4. HP: 21/21 MP: 8/8
  3503 | D:3      | Noticed a scorpion
  3531 | D:3      | Slain by a scorpion

Illustrated notes

Levels and vault maps discovered:
D:1:      lightli_arrival_statue_moat, layout_loops_cross, serial_forest,
          infiniplex_forest_lined_room_2, infiniplex_forest_pool,
          infiniplex_forest_zigzag_1, infiniplex_forest_clump_diagonal,
          infiniplex_forest_lined_room_2, infiniplex_forest_clump_medium,
          infiniplex_forest_end_1, basic_ecumenical_altar, hangedman_glass_teeth
D:2:      layout_loops_ring
D:3:      layout_basic, okawaru_trees_2, zin_treasury, serial_shops,
          shop_fountains, eino_curves_02, uniq_jessica

Action                   |  1- 3 |  4- 6 || total
-------------------------+-------+-------++-------
Melee: Short sword       |    56 |       ||    56
       Bite              |    22 |     8 ||    30
       Dagger            |    56 |    52 ||   108
 Cast: Magic Dart        |    62 |     6 ||    68
       Searing Ray       |       |     1 ||     1
  Use: Scroll            |     2 |       ||     2
       Potion            |       |     1 ||     1
 Stab: Sleeping          |     4 |       ||     4
Armor: Robe              |    48 |    17 ||    65
Dodge: Dodged            |   106 |    27 ||   133
Block: Other             |    19 |    14 ||    33
       Reflection        |     1 |       ||     1

Table legend: (Time is in decaauts)
 A = Elapsed time spent in this place.
 B = Non-inter-level travel time spent in this place.
 C = Inter-level travel time spent in this place.
 D = Time resting spent in this place.
 E = Time spent auto-exploring this place.
 F = Levels seen in this place.
 G = Mean time per level.
                   A        B        C        D        E       F      G
               +--------+--------+--------+--------+--------+-----+--------+
         Total |   3532 |   3520 |     12 |   1132 |   1945 |   3 | 1177.3 |
       Dungeon |   3532 |   3520 |     12 |   1132 |   1945 |   3 | 1177.3 |
               +--------+--------+--------+--------+--------+-----+--------+

Top non-repeatable levels by time:
     D:1: 1499 daAuts
     D:2: 1045 daAuts
     D:3: 987 daAuts
